 Dungeon Crawl Stone Soup version 0.29-a0-187-ga23d9638d5 (webtiles) character file.

Game seed: 16358038230952642534

2364 cyrus the Cleaver (level 9, -11/78 HPs)
             Began as a Hill Orc Fighter on Feb 21, 2022.
             Killed from afar by a gargoyle (13 damage)
             ... with a stone arrow
             ... on level 8 of the Dungeon.
             The game lasted 00:16:58 (13017 turns).

cyrus the Cleaver (Hill Orc Fighter)               Turns: 13017, Time: 00:16:59

Health: -11/78     AC: 12    Str: 19    XL:     9   Next: 44%
Magic:  9/9        EV:  7    Int: 12    God:
Gold:   266        SH:  4    Dex: 10    Spells: 8/8 levels left

rFire   . . .      SeeInvis .   a - +0 war axe
rCold   . . .      Faith    .   c - +0 buckler
rNeg    . . .      Spirit   .   u - +0 chain mail
rPois   .          Reflect  .   (no helmet)
rElec   .          Harm     .   G - +0 cloak {Stlth+}
rCorr   .          Rampage  .   (no gloves)
Will    .....                   (no boots)
Stlth   ..........              f - amulet of regeneration
HPRegen 1.03/turn               (no ring)
MPRegen 0.11/turn               (no ring)

@: lethally poisoned (-11 -> -24)
A: no striking features
a: no special abilities


You were on level 8 of the Dungeon.
You visited 2 branches of the dungeon, and saw 9 of its levels.
You also visited: Sewer.

You collected 392 gold pieces.
You spent 126 gold pieces at shops.

Inventory:

Hand Weapons
 a - a +0 war axe (weapon)
 F - the +7 dagger of Annihilation {venom, rElec}
   (You found it on level 6 of the Dungeon)

   It poisons the flesh of those it strikes.
   rElec:     It insulates you from electricity.
Missiles
 x - a throwing net (quivered)
Armour
 b - a +0 scale mail
 c - a +0 buckler (worn)
 u - a +0 chain mail (worn)
 w - a +0 cloak
 G - a +0 cloak of stealth (worn)
Jewellery
 f - an amulet of regeneration (around neck)
Wands
 q - a wand of paralysis (11)
 A - a wand of iceblast (10)
 B - a wand of mindburst (10)
Scrolls
 h - 9 scrolls of identify {unknown}
 i - 2 scrolls of fear {unknown}
 l - a scroll of fog {unknown}
 n - 3 scrolls of holy word {unknown}
 o - 3 scrolls of teleportation {unknown}
 p - 5 scrolls of blinking {unknown}
 t - 2 scrolls of enchant weapon {unknown}
 v - a scroll of noise {unknown}
 y - 4 scrolls of magic mapping {unknown}
 z - a scroll of amnesia {unknown}
 E - 2 scrolls of vulnerability {unknown}
 H - a scroll of silence {unknown}
Potions
 d - a potion of experience {unknown}
 e - 8 potions of curing {unknown}
 g - 3 potions of lignification {unknown}
 j - 3 potions of brilliance {unknown}
 k - 5 potions of attraction {unknown}
 m - 2 potions of mutation {unknown}
 r - a potion of invisibility {unknown}
 s - a potion of berserk rage {unknown}
 C - a potion of magic {unknown}
 D - 3 potions of flight {unknown}
 I - a potion of ambrosia {unknown}


   Skills:
 + Level 6.9 Fighting
 + Level 11.2 Axes
 + Level 7.6 Armour
 + Level 1.7 Dodging
 + Level 0.5 Stealth
 + Level 4.8 Shields
 + Level 0.2 Evocations


You had 8 spell levels left.
You didn't know any spells.
Your spell library was empty.

Dungeon Overview and Level Annotations

Branches:
Dungeon (8/15)             Temple (1/1) D:7           Sewer (visited)
   Lair: D:8-11

Altars:
Ashenzari
Dithmenos
Elyvilon
Fedhas
Hepliaklqana
Kikubaaqudgha
Makhleb
Nemelex Xobeh
Okawaru
Qazlal
Sif Muna
Trog
Uskayaw
Vehumet
Wu Jian
Xom
Yredelemnul
Zin
The Shining One

Shops:
D:3 [((   D:7 (


Message History

The gnoll sergeant is severely wounded.
The iceblast engulfs the gnoll.
You kill the gnoll!
The iceblast engulfs the gargoyle.
The gargoyle is almost destroyed.
You feel very sick. The gnoll hits you but does no damage.
The gnoll sergeant hits you but does no damage.
You are more poisoned.
You hit the gargoyle but do no damage.
The gargoyle is almost destroyed.
You feel very sick.
The gnoll hits you from afar with a +0 spear.
The gnoll sergeant hits you from afar with a +1 spear of venom!
* * * LOW HITPOINT WARNING * * *
You are more poisoned.
The gargoyle hurls a stone arrow at you.
The stone arrow misses you.
You hit the gargoyle.
The gargoyle is almost destroyed.
You feel very sick. You block the gnoll's attack.
The gnoll sergeant barely misses you. The gargoyle closely misses you.
Unknown command.
Aiming: Iceblast
Press: ? - help, Q - select action, (/) - cycle Shift-Dir - straight line, f/p - gnoll sergeant
Aim: a gnoll sergeant, wielding a +1 spear of venom, wearing a +0 ring mail and wearing a +0 buckler (severely wounded) That beam is likely to hit you.
Continue anyway?
Okay, then.
Aiming: Iceblast
Press: ? - help, Q - select action, (/) - cycle Shift-Dir - straight line, p - gnoll sergeant The mass of ice explodes!
You feel very sick. You block the gnoll's attack.
The gnoll sergeant hits you from afar with a +1 spear of venom!
* * * LOW HITPOINT WARNING * * *
You are more poisoned.
The gargoyle hurls a stone arrow at you.
The stone arrow hits you!
You die...

#......# ........#......#
.......#......#
#......#......#
#......#......# ###
#......#......# ..
#..g)g.#......# .#
#...)9.##.....# .#####
#####@###.....#
.....#######.............#
.........................#
.........................#
.........................#
.....#########...######'##
##'####...####...###.....#
.........................#
.........................#


You could see a gargoyle, a gnoll sergeant and a gnoll.

Vanquished Creatures
  Grinder (D:4)
  Duvessa (D:4)
  A necrophage (D:5)
  2 black bears
  2 ogres (D:5)
  A centaur (D:7)
  A phantom (D:6)
  2 kobold brigands (Sewer)
  A gnoll sergeant (D:7)
  3 scorpions
  A water moccasin skeleton (D:4)
  Dowan (D:4)
  5 killer bees (D:7)
  A howler monkey (D:5)
  2 centaur zombies
  2 bullfrog zombies (D:6)
  A centaur skeleton (D:6)
  A hound (D:5)
  Crazy Yiuf (D:7)
  A gnoll shaman (D:5)
  2 iguanas
  A scorpion zombie (D:5)
  An orc wizard (D:3)
  A hound skeleton (D:5)
  A howler monkey zombie (D:6)
  A howler monkey skeleton (D:7)
  9 adders
  21 gnolls
  2 white imps
  An adder skeleton (D:4)
  3 worms
  2 dart slugs
  4 orcs
  5 endoplasms
  2 giant cockroaches (D:3)
  6 goblins
  6 hobgoblins
  3 jackals (D:4)
  A quokka (D:2)
  10 ball pythons
  3 bats
  2 frilled lizards
  15 kobolds
  9 rats
142 creatures vanquished.

Vanquished Creatures (others)
  A bat (D:2)
  6 fungi
  6 plants
13 creatures vanquished.

Grand Total: 155 creatures vanquished

Notes
Turn   | Place    | Note
-------+----------+-------------------------------------------
     0 | D:1      | cyrus the Hill Orc Fighter began the quest for the Orb.
     0 | D:1      | Reached XP level 1. HP: 19/19 MP: 1/1
    95 | D:1      | Reached XP level 2. HP: 27/27 MP: 2/2
   261 | D:1      | Found a faded altar of an unknown god.
   801 | D:2      | Reached skill level 3 in Axes
   958 | D:2      | Reached XP level 3. HP: 17/33 MP: 3/3
  4158 | D:3      | Found Esumpaed's Weapon Shop.
  4163 | D:3      | Reached skill level 4 in Axes
  4163 | D:3      | Reached XP level 4. HP: 32/34 MP: 4/4
  4246 | D:3      | Found a glowing drain.
  4267 | Sewer    | Entered a sewer
  4378 | Sewer    | Noticed a kobold brigand
  4389 | Sewer    | Killed a kobold brigand
  4390 | Sewer    | Reached XP level 5. HP: 30/47 MP: 5/5
  5008 | Sewer    | Noticed a kobold brigand
  5017 | Sewer    | Killed a kobold brigand
  5018 | Sewer    | Reached skill level 5 in Axes
  5456 | D:3      | Reached XP level 6. HP: 39/53 MP: 6/6
  6569 | D:3      | Found Diel's Armour Shoppe.
  6594 | D:3      | Bought a +0 chain mail for 63 gold pieces
  6611 | D:3      | Bought a +0 cloak for 63 gold pieces
  6635 | D:3      | Found Vuer's Weapon Emporium.
  6823 | D:4      | Reached skill level 6 in Axes
  7371 | D:4      | Found a radiant altar of Vehumet.
  7394 | D:4      | Found a blossoming altar of Fedhas.
  7679 | D:4      | Noticed Grinder
  7682 | D:4      | Paralysed by Grinder for 2 turns
  7686 | D:4      | Paralysed by Grinder for 2 turns
  7692 | D:4      | Paralysed by Grinder for 2 turns
  7702 | D:4      | Killed Grinder
  7703 | D:4      | Reached skill level 5 in Fighting
  7703 | D:4      | Reached skill level 7 in Axes
  7703 | D:4      | Reached skill level 5 in Armour
  7703 | D:4      | Reached skill level 1 in Dodging
  7703 | D:4      | Reached XP level 7. HP: 20/61 MP: 7/7
  8022 | D:4      | Noticed Duvessa
  8022 | D:4      | Noticed Dowan
  8034 | D:4      | Killed Duvessa
  8046 | D:4      | Killed Dowan
  8047 | D:4      | Reached skill level 8 in Axes
  8732 | D:5      | Entered Level 5 of the Dungeon
  8920 | D:5      | Reached XP level 8. HP: 34/68 MP: 8/8
  9800 | D:5      | Reached skill level 9 in Axes
 10777 | D:6      | Reached skill level 10 in Axes
 11100 | D:6      | Reached XP level 9. HP: 75/75 MP: 9/9
 11154 | D:6      | Identified the +7 dagger of Annihilation {venom, rElec}
 11306 | D:7      | Found a bloodstained altar of Trog.
 11306 | D:7      | Found a shimmering altar of Xom.
 11307 | D:7      | Found a staircase to the Ecumenical Temple.
 11322 | Temple   | Entered the Ecumenical Temple
 11621 | D:7      | Identified the +0 ring mail of Xom's Hatred {Str+3}
 11640 | D:7      | Found a hazy altar of Hepliaklqana.
 11649 | D:7      | Reached skill level 11 in Axes
 11797 | D:7      | Found Wiskuangin's Weapon Shop.
 11835 | D:7      | Found a runed translucent door.
 11836 | D:7      | Noticed Crazy Yiuf
 12398 | D:7      | Found a stormy altar of Qazlal.
 12662 | D:7      | Killed Crazy Yiuf
 12996 | D:8      | Noticed a gargoyle
 13017 | D:8      | HP: 2/78 [gnoll sergeant (10)]
 13017 | D:8      | Killed from afar by a gargoyle

Illustrated notes

Levels and vault maps discovered:
D:1:      tarquinn_simple_flora_water_c, layout_basic,
          shapermc_ecumenical_altar_venn
D:2:      layout_basic, minmay_pentomino_v2
D:3:      kennysheep_big_flooded_room, layout_rooms, serial_shops,
          nicolae_shop_hallway_stairs, nicolae_shop_behind_doors, shop,
          portal_sewer_entry_a, kennysheep_pointless_box, grunt_decor_fettered
D:4:      layout_loops_ring, fedhas_altar_1, kennysheep_little_box,
          uniq_grinder, uniq_duvessa
D:5:      layout_loops_corners
D:6:      layout_cave_pools
D:7:      layout_loops_cross, nicolae_hepliaklqana_hazy_memory,
          nicolae_qazlal_style_of_elements, overflow_temple_1_default,
          mainiacjoe_overflow_catwalk, minmay_temple_entry_statues,
          serial_shops, nicolae_shop_bloodbath_and_beyond,
          uniq_crazy_yiuf_cottage
D:8:      layout_gridville, nicolae_ru_the_path_less_chosen, serial_shops, shop,
          minmay_small_thing
Temple:   dshaligram_water_room_temple

Skill      XL: |  1  2  3  4  5  6  7  8  9 |
---------------+----------------------------+-----
Fighting       | 4 5 6 |  6.9
Axes           | 3 4 5 7 8 10 11 | 11.2
Armour         | 4 5 7 |  7.6
Dodging        | 1 |  1.7
Shields        | 4 |  4.8
Stealth        | |  0.5
Evocations     | |  0.2

Action                   |  1- 3 |  4- 6 |  7- 9 || total
-------------------------+-------+-------+-------++-------
Melee: War axe           |    74 |   186 |   233 ||   493
Evoke: Wand              |       |       |    20 ||    20
  Use: Potion            |       |     2 |     3 ||     5
Armor: Scale mail        |    51 |    67 |       ||   118
       Chain mail        |       |    30 |   184 ||   214
Dodge: Dodged            |    51 |    77 |   119 ||   247
Block: Buckler           |    17 |    39 |    82 ||   138

Table legend: (Time is in decaauts)
 A = Elapsed time spent in this place.
 B = Non-inter-level travel time spent in this place.
 C = Inter-level travel time spent in this place.
 D = Time resting spent in this place.
 E = Time spent auto-exploring this place.
 F = Levels seen in this place.
 G = Mean time per level.
                   A        B        C        D        E       F      G
               +--------+--------+--------+--------+--------+-----+--------+
         Total |  13144 |  12801 |    343 |   6712 |   4476 |  10 | 1314.4 |
       Dungeon |  11865 |  11522 |    343 |   5894 |   4277 |   8 | 1483.1 |
        Temple |    136 |    136 |      0 |      0 |     60 |   1 |  136.0 |
         Sewer |   1142 |   1142 |      0 |    818 |    139 |   1 | 1142.0 |
               +--------+--------+--------+--------+--------+-----+--------+

Top non-repeatable levels by time:
     D:2: 3402 daAuts
     D:4: 1990 daAuts
     D:5: 1849 daAuts
     D:3: 1523 daAuts
     D:7: 1342 daAuts
   Sewer: 1142 daAuts
     D:1: 788 daAuts
     D:6: 736 daAuts
     D:8: 232 daAuts
  Temple: 136 daAuts
